 Dungeon Crawl Stone Soup version 0.25-a0-589-g1e14c549ee (webtiles) character file.

Game seed: 15803785159188683355, levelgen mode: deterministic

53895 Kohma the Fighter (level 14, -7/90 HPs)
             Began as a Gargoyle Earth Elementalist on Mar 12, 2020.
             Was an Elder of Ashenzari.
             Mangled by a spiny frog (8 damage)
             ... on level 6 of the Lair of Beasts.
             The game lasted 01:17:35 (27041 turns).

Kohma the Fighter (Gargoyle Earth Elementalist)    Turns: 27041, Time: 01:17:36

Health: -7/90      AC: 21    Str: 12    XL:     14   Next: 70%
Magic:  1/26       EV: 16    Int: 21    God:    Ashenzari [****..]
Gold:   1422       SH:  0    Dex: 10    Spells: 3/29 levels left

rFire    + . .     SeeInvis +   l - +2 long sword (drain) (curse)
rCold    . . .     Gourm    .   (no shield)
rNeg     + . .     Faith    .   y - +0 steam dragon scales
rPois    ∞         Spirit   .   P - +0 helmet (curse)
rElec    +         Reflect  .   g - +0 cloak
rCorr    .         Harm     .   H - +2 pair of gloves (curse)
MR       +....     Clarity  +   M - +0 pair of boots
Stlth    ++........             (no amulet)
HPRegen  0.25/turn              R - ring of protection from fire
MPRegen  0.20/turn              (no ring)

@: no status effects
A: big wings, negative energy resistance 1, electricity resistance, unbreathing,
petrification resistance, rot immunity, AC +10
a: Fly, Curse Item, Scrying, Renounce Religion


You were on level 6 of the Lair of Beasts.
You worshipped Ashenzari.
Ashenzari was greatly pleased with you.
You were very hungry.

You visited 3 branches of the dungeon, and saw 18 of its levels.
You also visited: Sewer.

You collected 1422 gold pieces.

Inventory:

Hand Weapons
 a - a +2 dagger of venom
 c - a +2 hand crossbow of flaming
 l - a cursed +2 long sword of draining (weapon)
 A - a +0 scimitar
Missiles
 b - 276 stones
 f - 59 poisoned darts (quivered)
 k - a throwing net
 u - 5 curare-tipped darts
 O - 14 bolts
Armour
 g - a +0 cloak (worn)
 m - a +0 kite shield
 y - +0 steam dragon scales (worn)
 H - a cursed +2 pair of gloves (worn)
 I - a +1 robe of cold resistance
 M - a +0 pair of boots (worn)
 P - a cursed +0 helmet (worn)
Magical Staves
 K - an uncursed staff of cold
Jewellery
 R - a ring of protection from fire (left hand)
Wands
 j - a wand of flame (56)
 q - a wand of polymorph (2)
 t - a wand of digging (6)
 C - a wand of acid (12)
 L - a wand of disintegration (23)
Scrolls
 h - 5 scrolls of teleportation
 n - 2 scrolls of fog
 o - 2 scrolls of magic mapping
 s - 2 scrolls of enchant armour
 v - 2 scrolls of immolation
 D - 3 scrolls of enchant weapon
 E - a scroll of fear
 F - 8 scrolls of identify
 Q - 3 scrolls of remove curse
 W - a scroll of amnesia
Potions
 e - 2 potions of might
 i - 2 potions of lignification
 p - a potion of haste
 r - a potion of cancellation
 w - 4 potions of brilliance
 x - a potion of berserk rage
 z - 4 potions of stabbing
 B - a potion of mutation
 G - 7 potions of curing
 J - 2 potions of magic
Miscellaneous
 S - a lightning rod (4/4)
 U - a lamp of fire
Comestibles
 d - 31 rations
 T - 7 chunks of flesh


   Skills:
 - Level 11.1 Fighting
 - Level 10.8(14.0) Long Blades
 - Level 9.0 Dodging
 - Level 2.1 Stealth
 * Level 10.6 Shields
 - Level 8.0 Spellcasting
 - Level 2.0 Conjurations
 - Level 4.0 Hexes
 - Level 5.0 Necromancy
 - Level 3.0 Transmutations
 - Level 11.0 Earth Magic
 + Level 4.0 Evocations


You had 3 spell levels left.
You knew the following spells:

 Your Spells              Type           Power        Failure   Level  Hunger
a - Sandblast             Erth           ######       1%          1    None
b - Passwall              Tmut/Erth      #####...     1%          2    None
c - Stone Arrow           Conj/Erth      #####.       1%          3    None
d - Lee's Rapid Deconstr  Erth           ######....   2%          5    #####..
e - Petrify               Tmut/Erth      #####...     4%          4    ###....
f - Confusing Touch       Hex            ####....     4%          3    None
g - Borgnjor's Vile Clut  Necr/Erth      #####.....   9%          5    #####..
h - Mephitic Cloud        Conj/Pois/Air  ##......     19%         3    None

Your spell library contained the following spells:

 Spells                   Type           Power        Failure   Level  Hunger
 Corona                   Hex            ####...      1%          1    None
 Slow                     Hex            ####....     2%          2    None
 Magic Dart               Conj           ###.         3%          1    None
 Sting                    Tmut/Pois      ##..         4%          1    None
 Corpse Rot               Necr/Air       N/A          4%          2    None
 Tukima's Dance           Hex            ####....     4%          3    None
 Shock                    Conj/Air       ##..         5%          1    None
 Ensorcelled Hibernation  Hex/Ice        ###...       5%          2    None
 Searing Ray              Conj           ###...       5%          2    None
 Dazzling Flash           Conj/Hex       ###...       7%          3    None
 Blink                    Tloc           N/A          12%         2    None
 Call Imp                 Summ           #.......     12%         2    None
 Poisonous Vapours        Pois/Air       #.....       12%         2    None
 Conjure Flame            Conj/Fire      ##......     16%         3    None
 Ignite Poison            Fire/Tmut/Pois ##......     16%         3    None
 Fulminant Prism          Conj/Hex       ###.......   22%         4    ###....
 Hailstorm                Conj/Ice       ##......     45%         4    ###....
 Iskenderun's Mystic Bla  Conj/Tloc      ##......     45%         4    ###....
 Irradiate                Conj/Tmut      ###.......   61%         5    #####..
 Lightning Bolt           Conj/Air       ##........   82%         5    #####..
 Freezing Cloud           Conj/Ice/Air   ##........   100%        6    ######.
 Ring of Flames           Chrm/Fire      #.........   100%        7    #######


Dungeon Overview and Level Annotations

Branches:
Dungeon (11/15)            Temple (1/1) D:4            Lair (6/6) D:9
  Swamp (0/4) Lair:4        Snake (0/4) Lair:3        Slime (0/5) Lair:5
    Orc (0/2) D:10          Sewer (visited)

Altars:
Ashenzari
Cheibriados
Dithmenos
Elyvilon
Fedhas
Gozag
Hepliaklqana
Kikubaaqudgha
Makhleb
Nemelex Xobeh
Okawaru
Qazlal
Ru
Sif Muna
Trog
Uskayaw
Vehumet
Wu Jian
Xom
Yredelemnul
Zin
The Shining One
Beogh

Annotations:
D:3 3 runed translucent doors, Susanna's ghost, amateur GnWn
D:10 3 runed translucent doors, exclusion: 3 doors, Gargoyl's ghost, journeyman CeAK
D:11 2 transporters, Aaksess's ghost, journeyman DEIE


Innate Abilities, Weirdness & Mutations

You are resistant to torment.
Your stone body is resilient. (AC +10)
You are immune to poison.
Your large and strong wings let you fly indefinitely.
You resist negative energy. (rN+)
You are resistant to electric shocks. (rElec)
You can survive without breathing.
You are immune to petrification.
You are immune to rotting.


Message History

Aiming: Sandblast (safe; 1% risk of failure)
Press: ? - help, Shift-Dir - straight line, f/p - spiny frog
Aim: a spiny frog (moderately wounded)
The blast of sand hits the spiny frog!
The spiny frog is severely wounded.
b - 277 stones The spiny frog barely misses you.
The spiny frog stings you but does no damage.
Casting: Sandblast (safe; 1% risk of failure)
Confirm with . or Enter, or press ? or * to list all spells.
Aiming: Sandblast (safe; 1% risk of failure)
Press: ? - help, Shift-Dir - straight line, f/p - spiny frog
Aim: a spiny frog (severely wounded)
The blast of sand hits the spiny frog!
The spiny frog is almost dead.
b - 276 stones The spiny frog barely misses you.
The spiny frog stings you!
* * * LOW HITPOINT WARNING * * *
The spiny frog stings you!
You die...

,, ,
..#......#................ ,
,
,..........................
, ...........PP..#.........#
,
,,...........P#.#...........
, ,
........................#. ,
,,
......................##.# ,
.P...................## ## ,
,,^ .........(........#...##
,, ........F@.......#....P#
, ,
,.......(.F............##
,,,,......††..............#
, ,, ....[.................#
, .................P.##.# ,
, , ,............†..P####*##
, ,, , ................# , ,
,...............## ,,,
##..P.....###.##


You could see 2 spiny frogs.

Vanquished Creatures
  Kirke (Lair:6)
  A dire elephant (Lair:6)
  Fannar (Lair:1)
  6 hydras
  Erolcha (D:10)
  A catoblepas (Lair:3)
  4 two-headed ogres
  Sonja (Lair:1)
  An unseen horror (D:11)
  An ugly thing (D:11)
  4 oklob plants (Lair:3)
  5 black mambas
  16 spiny frogs
  12 komodo dragons
  3 rime drakes
  3 trolls
  2 hornets (D:11)
  2 queen bees
  2 polar bears (Lair:1)
  Prince Ribbit (D:5)
  7 blink frogs
  4 hippogriffs
  2 slime creatures (Lair:5)
  5 wyverns
  3 hogs (Lair:6)
  42 yaks
  5 basilisks
  5 vampire mosquitoes (Lair:6)
  2 steam dragons
  Grum (D:10)
  6 nagas (Lair:3)
  10 water moccasins
  9 porcupines
  3 eyes of draining
  10 orc warriors
  2 sky beasts
  A black bear (D:7)
  An ice beast (D:6)
  3 phantoms
  2 centaurs (D:6)
  9 ogres
  16 wolves
  16 crocodiles
  2 big kobolds
  20 bullfrogs
  A water moccasin skeleton (D:8)
  3 scorpions
  56 killer bees
  2 howler monkeys (D:9)
  3 electric eels (Lair:4)
  9 crimson imps
  A bullfrog zombie (D:6)
  6 hounds
  6 jellies
  9 orc priests
  5 iguanas
  Crazy Yiuf (D:4)
  2 centaur skeletons
  13 orc wizards
  Natasha (thrice) (D:3)
  A hell rat (Lair:2)
  6 worker ants
  A hound zombie (D:10)
  A hound skeleton (D:9)
  A worker ant zombie (D:5)
  12 gnolls
  A howler monkey skeleton (D:5)
  11 adders
  6 shadow imps
  10 oozes
  An adder zombie (D:7)
  2 worms
  2 dart slugs
  18 leopard geckos
  82 orcs
  4 bats
  14 giant cockroaches
  8 goblins
  10 hobgoblins
  18 jackals
  5 quokkas
  9 ball pythons
  9 frilled lizards
  8 kobolds
  A leopard gecko skeleton (D:4)
  7 rats
  A fungus (D:4)
  2 plants (Lair:3)
625 creatures vanquished.

Vanquished Creatures (others)
  A human (Lair:6)
  A water moccasin (Lair:3)
  A bush (D:1)
  10 fungi
  35 plants
  5 toadstools (D:1)
53 creatures vanquished.

Grand Total: 678 creatures vanquished

Notes
Turn   | Place    | Note
-------+----------+-------------------------------------------
     0 | D:1      | Kohma the Gargoyle Earth Elementalist began the quest for
                  | the Orb.
     0 | D:1      | Reached XP level 1. HP: 10/10 MP: 3/3
   393 | D:1      | Reached XP level 2. HP: 14/15 MP: 5/5
   715 | D:1      | Reached XP level 3. HP: 19/19 MP: 4/6
   727 | D:1      | Learned a level 2 spell: Passwall
   731 | D:1      | Learned a level 3 spell: Stone Arrow
  1309 | D:1      | Reached skill level 5 in Earth Magic
  1311 | D:1      | Reached XP level 4. HP: 21/24 MP: 0/8
  2318 | D:3      | Found a glowing drain.
  2326 | D:3      | Reached XP level 5. HP: 24/28 MP: 7/9
  2360 | Sewer    | Entered a sewer
  3116 | Sewer    | Reached XP level 6. HP: 28/32 MP: 5/11
  3582 | D:3      | Noticed Susanna's ghost (amateur GnWn)
  3749 | D:3      | Found a runed translucent gate.
  3750 | D:3      | Found a runed translucent gate.
  3750 | D:3      | Noticed Natasha
  3755 | D:3      | Killed Natasha
  3757 | D:3      | Found a runed translucent gate.
  3769 | D:3      | Noticed a hippogriff
  4159 | D:3      | Reached XP level 7. HP: 24/36 MP: 0/13
  4166 | D:3      | Learned a level 5 spell: Lee's Rapid Deconstruction
  4207 | D:3      | Noticed Natasha
  4214 | D:3      | Killed Natasha
  4286 | D:3      | Noticed Natasha
  4381 | D:3      | Killed Natasha
  4381 | D:3      | Reached skill level 1 in Transmutations
  4839 | D:4      | Reached skill level 1 in Fighting
  4839 | D:4      | Reached skill level 1 in Conjurations
  5283 | D:4      | Found a stormy altar of Qazlal.
  5338 | D:4      | Reached XP level 8. HP: 57/57 MP: 14/14
  5339 | D:4      | Reached skill level 5 in Long Blades
  5339 | D:4      | Reached XP level 9. HP: 62/62 MP: 15/15
  5345 | D:4      | Learned a level 4 spell: Petrify
  5369 | D:4      | Found a staircase to the Ecumenical Temple.
  5376 | Temple   | Entered the Ecumenical Temple
  5499 | Temple   | Became a worshipper of Ashenzari the Shackled
  5794 | D:4      | Found a sacrificial altar of Ru.
  5864 | D:4      | Found a runed translucent door.
  5865 | D:4      | Noticed Crazy Yiuf
  5870 | D:4      | Killed Crazy Yiuf
  5931 | D:5      | Entered Level 5 of the Dungeon
  6123 | D:5      | Reached XP level 10. HP: 67/67 MP: 3/16
  6597 | D:5      | Found a bloodstained altar of Trog.
  6597 | D:5      | Noticed Prince Ribbit
  6613 | D:5      | Killed Prince Ribbit
  6937 | D:6      | Reached * piety under Ashenzari
  8244 | D:6      | Reached skill level 10 in Fighting
  8710 | D:7      | Found an ancient bone altar of Kikubaaqudgha.
  9728 | D:8      | Noticed a two-headed ogre
  9740 | D:8      | Killed a two-headed ogre
  9740 | D:8      | Reached skill level 5 in Spellcasting
  9777 | D:8      | HP: 5/102 [orc warrior/+0 scimitar (16)]
 10200 | D:8      | Reached XP level 11. HP: 71/73 MP: 4/18
 10327 | D:8      | Learned a level 3 spell: Confusing Touch
 10358 | D:8      | Found a roughly hewn altar of Beogh.
 11007 | D:8      | Reached ** piety under Ashenzari
 11176 | D:9      | Reached skill level 1 in Hexes
 11365 | D:9      | Noticed a two-headed ogre
 11376 | D:9      | Killed a two-headed ogre
 11455 | D:9      | Noticed a two-headed ogre
 11588 | D:8      | Killed a two-headed ogre
 12214 | D:9      | Found a burning altar of Makhleb.
 12214 | D:9      | Found a sparkling altar of Nemelex Xobeh.
 12215 | D:9      | Found a radiant altar of Vehumet.
 12759 | D:9      | Found a staircase to the Lair.
 12800 | D:10     | Entered Level 10 of the Dungeon
 12827 | D:10     | Noticed Grum
 12909 | D:10     | Killed Grum
 13113 | D:10     | Identified the Almanac of Unholy Changing
 13487 | D:10     | Found a staircase to the Orcish Mines.
 13881 | D:10     | Found a runed translucent gate.
 13882 | D:10     | Found a runed translucent gate.
 13883 | D:10     | Found a runed translucent gate.
 13884 | D:10     | Found an opulent altar of Gozag.
 13886 | D:10     | Noticed Gargoyl's ghost (journeyman CeAK)
 14413 | D:10     | Noticed Erolcha
 14422 | D:10     | Killed Erolcha
 14422 | D:10     | Reached XP level 12. HP: 79/80 MP: 2/20
 14618 | D:11     | Reached *** piety under Ashenzari
 14892 | D:11     | Noticed a two-headed ogre
 14930 | D:11     | Killed a two-headed ogre
 15437 | D:11     | Learned a level 5 spell: Borgnjor's Vile Clutch
 15524 | D:11     | Found a transporter.
 15526 | D:11     | Noticed Aaksess's ghost (journeyman DEIE)
 15706 | D:11     | Found a transporter.
 15743 | D:11     | Reached skill level 1 in Necromancy
 16189 | Lair:1   | Entered Level 1 of the Lair of Beasts
 16285 | Lair:1   | Noticed Sonja
 16296 | Lair:1   | Killed Sonja
 16304 | Lair:1   | Noticed an eight-headed hydra
 16377 | Lair:1   | Killed an eight-headed hydra
 16377 | Lair:1   | HP: 1/80 [black mamba (5)]
 16960 | Lair:1   | Identified the amulet of Erunuutz {Inacc Int+5}
 17068 | Lair:1   | Noticed Fannar
 17126 | Lair:1   | Killed Fannar
 17126 | Lair:1   | Reached skill level 1 in Shields
 18096 | Lair:1   | Reached XP level 13. HP: 84/84 MP: 11/22
 19885 | Lair:2   | Reached skill level 10 in Long Blades
 20046 | Lair:2   | Reached skill level 5 in Necromancy
 20167 | Lair:2   | Reached skill level 5 in Shields
 20797 | Lair:3   | Identified the Reference Book on Dusty Conjuration
 21285 | Lair:3   | Found a staircase to the Snake Pit.
 21353 | Lair:3   | Reached **** piety under Ashenzari
 22089 | Lair:4   | Found a staircase to the Swamp.
 22704 | Lair:4   | Learned a level 3 spell: Mephitic Cloud
 23063 | Lair:4   | Gained mutation: Your large and strong wings let you fly
                  | indefinitely. [Gargoyle growth]
 23063 | Lair:4   | Reached XP level 14. HP: 57/90 MP: 1/24
 23689 | Lair:5   | Reached skill level 1 in Evocations
 24180 | Lair:5   | Found a staircase to the Slime Pits.
 24214 | Lair:5   | Found a blossoming altar of Fedhas.
 25650 | Lair:6   | Entered Level 6 of the Lair of Beasts
 26280 | Lair:6   | Noticed a dire elephant
 26416 | Lair:6   | Killed a dire elephant
 26724 | Lair:6   | Reached skill level 10 in Shields
 26787 | Lair:6   | Noticed Kirke
 26886 | Lair:6   | Killed Kirke
 27041 | Lair:6   | HP: 1/90 [spiny frog (11)]
 27041 | Lair:6   | Mangled by a spiny frog

Levels and vault maps discovered:
D:1:      ldierk_walled_garden, layout_rooms, serial_forest,
          infiniplex_forest_straight_2, infiniplex_forest_clump_tiny,
          infiniplex_forest_end_1, infiniplex_forest_straight_4,
          infiniplex_forest_end_3, infiniplex_forest_straight_2,
          infiniplex_forest_clump_curved, infiniplex_forest_straight_2,
          infiniplex_forest_lined_room_3, infiniplex_forest_corner_1,
          minmay_pentomino_q2
D:2:      layout_basic, kennysheep_generic_room_12
D:3:      layout_loops_ring, gammafunk_ghost_split,
          cheibrodos_sewer_entry_drain, st_stairs_5, minivault_4, uniq_natasha
D:4:      layout_rooms, nicolae_ru_path_of_blood, minmay_temple_entry_slanted,
          nicolae_qazlal_general_emergency, uniq_crazy_yiuf_cottage
D:5:      layout_basic, lemuel_doored_altar, first_ration, uniq_prince_ribbit1
D:6:      minmay_diamond_boxcup, layout_basic, nicolae_underground_beach
D:7:      layout_gridville, lemuel_round_altar
D:8:      layout_rooms, special_room [special_room_orc], serial_glass,
          glass_columns_a, glass_columns_a, minmay_strange_pillars,
          kennysheep_generic_room_13
D:9:      layout_rooms, gammafunk_temple_overflow_claw, erik_lair_dragon,
          blue_anna_alchemist [blue_anna_fruit_fields, blue_anna_fruit_fields]
D:10:     layout_gridville, hiddenorc2_lemuel, ebering_ghost_gozag, uniq_grum,
          uniq_erolcha
D:11:     layout_cave_pools, gammafunk_ghost_mausoleum
Temple:   eino_temple_rhombus
Lair:1:   layout_chaotic_city, cheibrodos_lair_lostbears, uniq_fannar,
          uniq_sonja
Lair:2:   regret_index_tunnel_blossom, layout_hall_layers
Lair:3:   layout_long_grid, minmay_snake_entry_guardpost_medium, special_room
          [special_room_bee], kennysheep_catoblepas_arena,
          minmay_lair_oklob_chamber
Lair:4:   layout_cave_pods, minmay_swamp_entry_eels, grunt_megastairs_4
Lair:5:   layout_regular_city, minmay_slime_entry_pillars, basic_altar,
          grunt_megastairs_1
Lair:6:   minmay_lair_end_frog_pond, layout_gridlike, minmay_lair_oklob_items,
          lemuel_fruit_tree, uniq_kirke

Skill      XL: |  1  2  3  4  5  6  7  8  9 10 11 12 13 14 |
---------------+-------------------------------------------+-----
Earth Magic    | 4 5 6 8 11 | 11.0
Spellcasting   | 3 4 5 6 7 8 |  8.0
Transmutations | 1 2 3 |  3.0
Fighting       | 9 10 11 | 11.1
Dodging        | 7 8 9 |  9.0
Conjurations   | 2 |  2.0
Long Blades    | 5 7 9 10 | 10.8
Hexes          | 4 |  4.0
Necromancy     | 3 5 |  5.0
Shields        | 2 8 10 | 10.6
Evocations     | 4 |  4.0
Stealth        | |  2.1

Action                   |  1- 3 |  4- 6 |  7- 9 | 10-12 | 13-15 || total
-------------------------+-------+-------+-------+-------+-------++-------
Melee: Dagger            |   358 |   133 |    70 |   613 |   173 ||  1347
       Unarmed           |     2 |     3 |     4 |       |       ||     9
       Long sword        |       |       |       |       |   338 ||   338
Throw: Dart              |       |       |       |     2 |       ||     2
 Cast: Sandblast         |    21 |    32 |     4 |   123 |    40 ||   220
       Stone Arrow       |       |    44 |    32 |   235 |   197 ||   508
       Lee's Rapid Decon |       |       |       |    30 |    20 ||    50
       Petrify           |       |       |       |     3 |       ||     3
       Passwall          |       |       |       |     1 |       ||     1
       Borgnjor's Vile C |       |       |       |       |    49 ||    49
Invok: Curse Item        |       |       |     1 |     1 |     1 ||     3
Evoke: Wand              |       |       |       |    10 |     2 ||    12
       Lightning rod     |       |       |       |       |     4 ||     4
  Use: Potion            |     4 |       |     2 |     1 |     2 ||     9
       Scroll            |       |     5 |     4 |    10 |     7 ||    26
 Stab: Sleeping          |     2 |     4 |     1 |     3 |     1 ||    11
       Petrified         |       |       |       |     3 |     6 ||     9
       Distracted        |       |       |       |       |     1 ||     1
       Petrifying        |       |       |       |       |     1 ||     1
  Eat: Chunk             |     2 |    14 |     6 |    44 |    42 ||   108
       Ration            |       |       |     1 |     4 |     2 ||     7
Armor: Robe              |    16 |    58 |    19 |    42 |       ||   135
       Steam dragon scal |       |       |       |   250 |   268 ||   518
       Skin              |       |       |       |    15 |       ||    15
Dodge: Dodged            |    25 |   100 |    46 |   638 |   550 ||  1359
       Rpst.: Long sword |       |       |       |       |   118 ||   118

Table legend:
 A = Non-vault XP
 B = Vault XP
 C = Vault XP percentage of total XP
 D = Non-vault monster count
 E = Vault monster count
 F = Vault count percentage of total count
                 A         B        C        D         E       F
            +---------+---------+-------+---------+---------+-------
      Total |   43808 |   29977 |  40.6 |     366 |     257 |  41.3
            +---------+---------+-------+---------+---------+-------
        D:1 |      60 |       4 |   6.2 |      18 |       2 |  10.0
        D:2 |      50 |       1 |   2.0 |      15 |       1 |   6.2
        D:3 |     316 |      47 |  12.9 |      32 |       6 |  15.8
        D:4 |     527 |      39 |   6.9 |      20 |       1 |   4.8
        D:5 |     328 |     259 |  44.1 |      14 |       1 |   6.7
        D:6 |     735 |     511 |  41.0 |      17 |       8 |  32.0
        D:7 |    1231 |     129 |   9.5 |      41 |       1 |   2.4
        D:8 |    2983 |     334 |  10.1 |      22 |      21 |  48.8
        D:9 |    3000 |     903 |  23.1 |      30 |       5 |  14.3
       D:10 |    3548 |    2280 |  39.1 |      27 |      36 |  57.1
       D:11 |    4539 |       0 |   0.0 |      32 |       0 |   0.0
     Lair:1 |    4693 |    2379 |  33.6 |      23 |       4 |  14.8
     Lair:2 |    3053 |    5009 |  62.1 |      10 |      45 |  81.8
     Lair:3 |    3045 |    6341 |  67.6 |      13 |      39 |  75.0
     Lair:4 |    6099 |    1160 |  16.0 |      21 |       7 |  25.0
     Lair:5 |    5641 |    1032 |  15.5 |      21 |       4 |  16.0
     Lair:6 |    3960 |    9306 |  70.1 |      10 |      32 |  76.2
      Sewer |       0 |     243 | 100.0 |       0 |      44 | 100.0
            +---------+---------+-------+---------+---------+-------
